 Dungeon Crawl Stone Soup version 0.29-a0-577-gafbf2c5d25 (webtiles) character file.

Game seed: 18051626994521392851

2490 DocClef the Sneak (level 9, -9/79 HPs)
             Began as a Grey Draconian Delver on June 13, 2022.
             Was a Believer of Okawaru.
             Mangled by a sixfirhy (11 damage)
             ... summoned by a kobold demonologist
             ... on level 7 of the Dungeon.
             The game lasted 00:06:21 (5464 turns).

DocClef the Sneak (Grey Draconian Delver)           Turns: 5464, Time: 00:06:21

Health: -9/79      AC: 13    Str: 16    XL:     9   Next: 27%
Magic:  9/9        EV: 15    Int: 10    God:    Okawaru [**....]
Gold:   204        SH:  0    Dex: 18    Spells: 8/8 levels left

rFire   + . .      SeeInvis +   B - +5 short sword
rCold   . . .      Faith    .   (no shield)
rNeg    . . .      Spirit   .   (body armour unavailable)
rPois   .          Reflect  .   (helmet restricted)
rElec   .          Harm     .   s - +0 cloak
rCorr   .          Rampage  .   (no gloves)
Will    .....                   (no boots)
Stlth   ++++......              (no amulet)
HPRegen 0.23/turn               j - ring of protection from fire
MPRegen 0.11/turn               q - ring "Cimufyco" {Dex+2 SInv}

@: no status effects
A: AC +12, amphibious, unfitting armour, cold-blooded
a: Renounce Religion, Heroism


You were on level 7 of the Dungeon.
You worshipped Okawaru.
Okawaru was pleased with you.
You visited 1 branch of the dungeon, and saw 7 of its levels.

You collected 204 gold pieces.

Inventory:

Hand Weapons
 h - the +7 hunting sling of Hell's Wrath {flame, Fly rC- rN+ Dex+5}
   (You found it on level 5 of the Dungeon)

   Any ammunition fired from it burns those it strikes, dealing additional fire
   damage.
   Dex:       It affects your dexterity (+5).
   rC:        It makes you vulnerable to cold.
   rN:        It protects you from negative energy.
   Fly:       It grants you flight.
 B - a +5 short sword (weapon)
Armour
 s - a +0 cloak (worn)
Jewellery
 j - a ring of protection from fire (left hand)
 q - the ring "Cimufyco" (right hand) {Dex+2 SInv}
   (You found it on level 3 of the Dungeon)

   [ring of see invisible]

   Dex:       It affects your dexterity (+2).
   SInv:      It lets you see invisible.
 u - an amulet of faith
 A - a +6 ring of strength
Wands
 a - a wand of paralysis (8)
 f - a wand of digging (3)
Scrolls
 b - 3 scrolls of fog
 c - 3 scrolls of magic mapping
 d - 2 scrolls of fear
 g - 3 scrolls of amnesia {unknown}
 i - 6 scrolls of identify {unknown}
 k - 3 scrolls of blinking {unknown}
 n - 2 scrolls of immolation {unknown}
 v - 2 scrolls of teleportation {unknown}
 y - a scroll of brand weapon {unknown}
 D - a scroll of noise {unknown}
Potions
 e - 2 potions of haste
 m - 3 potions of curing {unknown}
 o - a potion of berserk rage {unknown}
 p - a potion of cancellation {unknown}
 r - a potion of degeneration {unknown}
 t - a potion of lignification {unknown}
 w - a potion of flight {unknown}
 x - a potion of heal wounds {unknown}
 z - a potion of invisibility {unknown}
 C - a potion of might {unknown}


   Skills:
 + Level 7.6 Fighting
 + Level 6.5 Short Blades
 + Level 6.0 Dodging
 + Level 7.8 Stealth


You had 8 spell levels left.
You didn't know any spells.
Your spell library contained the following spells:

 Spells                   Type           Power      Damage    Failure   Level
 Apportation              Tloc           0%         N/A       36%         1
 Alistair's Intoxication  Tmut/Pois      0%         N/A       100%        5


Dungeon Overview and Level Annotations

Branches:
Dungeon (7/15)             Temple (0/1) D:6

Altars:
Dithmenos
Elyvilon
Gozag
Hepliaklqana
Makhleb
Okawaru
Ru
Uskayaw
Wu Jian

Annotations:
D:5 3 runed translucent doors, DocClef's ghost, weakling DrDe


Innate Abilities, Weirdness & Mutations

Your dull iron-grey scales are very hard. (AC +12)
You are amphibious.
You cannot fit into any form of body armour.
You are cold-blooded and may be slowed by cold attacks.


Message History

You closely miss Pikel. You tail-slap Pikel, but do no damage.
Pikel is heavily wounded.
Pikel hits you with a +2 whip of flaming.
Okay, then.
You barely miss Pikel.
Your tail-slap misses Pikel.
Pikel is heavily wounded.
Pikel hits you with a +2 whip of flaming.
You barely miss Pikel. You tail-slap Pikel.
Pikel is severely wounded.
Pikel completely misses you.
You puncture Pikel!
Pikel is almost dead.
You feel less invigorated.
You feel less confused.
You hit Pikel but do no damage.
Your tail-slap misses Pikel.
Pikel is almost dead.
Pikel hits you but does no damage.
You puncture Pikel!
You kill Pikel!
Okawaru is honoured by your kill.
With Pikel's spell broken, his former minions thank you for their freedom.
The lemure departs this earthly plane. x3
Your Dodging skill increases to level 6!
The soul eater draws from the surrounding life force!
The soul eater draws from the surrounding life force!
The sixfirhy barely misses you.
The sixfirhy hits you but does no damage.
You see here a water moccasin corpse.
The soul eater draws from the surrounding life force!
The sixfirhy closely misses you. The sixfirhy attacks as you move away!
The sixfirhy hits you. The sixfirhy shocks you!
* * * LOW HITPOINT WARNING * * *
The sixfirhy hits you but does no damage.
The sixfirhy closely misses you.
The sixfirhy hits you but does no damage.
The sixfirhy attacks as you move away! The sixfirhy hits you!
* * * LOW HITPOINT WARNING * * *
The sixfirhy shocks you!
You die...

####.#.#### .. ##...# #.
#...# .## #. #...# >.. #.
#...# .##.##. #...# #.# ..
....... #.>.# #.. ..
#...#####...######## #.# O#
##..)........@3....###.# ##.
#...)...........†...##.# .5
....#..))...........3..##.#
.# ###
##.#####...#######.##.##K##..
... #...# #.K...3O...# ..###
#...# #....##D..## #. #...#
#....# §..§. # #...#
#.#.#...##.. ......
#........# .


You could see a soul eater (summoned), a kobold demonologist and a sixfirhy
(summoned).

Vanquished Creatures
  Pikel (D:7)
  Joseph (D:7)
  Prince Ribbit (D:5)
  4 water moccasins
  A sky beast (D:6)
  A gnoll sergeant (D:5)
  A bullfrog (D:7)
  A necrophage (D:4)
  A scorpion (D:6)
  3 wights (D:6)
  5 hounds
  3 jellies
  A gnoll shaman (D:7)
  3 orc priests
  2 iguanas
  An orc wizard (D:6)
  13 gnolls
  3 adders
  A shadow imp (D:7)
  A white imp (D:6)
  2 ufetubi (D:5)
  A worm (D:5)
  2 dart slugs
  13 orcs
  2 endoplasms
  4 giant cockroaches
  10 goblins
  3 hobgoblins
  3 quokkas
  8 ball pythons
  3 bats
  4 frilled lizards
  6 kobolds
  4 rats
113 creatures vanquished.

Notes
Turn   | Place    | Note
-------+----------+-------------------------------------------
     0 | D:5      | DocClef the Draconian Delver began the quest for the Orb.
     0 | D:5      | Reached XP level 1. HP: 19/19 MP: 1/1
    12 | D:5      | Found a runed translucent gate.
    13 | D:5      | Found a runed translucent gate.
    14 | D:5      | Found a runed translucent gate.
    15 | D:5      | Noticed DocClef's ghost (weakling DrDe)
    15 | D:5      | Noticed a wyvern zombie
   445 | D:5      | Identified the +7 hunting sling of Hell's Wrath {flame, Fly
                  | rC- rN+ Dex+5}
   463 | D:5      | Reached XP level 2. HP: 26/26 MP: 2/2
   506 | D:5      | Noticed a water moccasin
   511 | D:5      | Killed a water moccasin
   512 | D:5      | Reached skill level 5 in Stealth
   512 | D:5      | Reached XP level 3. HP: 31/33 MP: 3/3
   512 | D:5      | Reached XP level 4. HP: 38/40 MP: 4/4
   579 | D:5      | Reached XP level 5. HP: 46/46 MP: 5/5
   604 | D:5      | Noticed Prince Ribbit
   615 | D:5      | Killed Prince Ribbit
   616 | D:5      | Reached XP level 6. HP: 32/55 MP: 6/6
   779 | D:5      | Reached skill level 5 in Fighting
  1004 | D:5      | Found a hazy altar of Hepliaklqana.
  1018 | D:5      | Found an opulent altar of Gozag.
  1034 | D:5      | Noticed a water moccasin
  1043 | D:5      | Killed a water moccasin
  1044 | D:5      | Your scales start taking on a dull iron-grey colour.
  1044 | D:5      | Reached XP level 7. HP: 24/61 MP: 7/7
  1332 | D:5      | Found an iron altar of Okawaru.
  1349 | D:5      | Became a worshipper of Warmaster Okawaru
  1940 | D:4      | Found a white marble altar of Elyvilon.
  2012 | D:4      | Reached * piety under Okawaru
  2020 | D:4      | Found a sacrificial altar of Ru.
  2165 | D:4      | Found a shadowy altar of Dithmenos.
  2429 | D:3      | Found a faded altar of an unknown god.
  2458 | D:3      | Found an ornate altar of the Wu Jian Council.
  2654 | D:3      | Identified the ring "Cimufyco" {Dex+2 SInv}
  4026 | D:6      | Found a staircase to the Ecumenical Temple.
  4149 | D:6      | Reached skill level 5 in Short Blades
  4149 | D:6      | Reached XP level 8. HP: 70/70 MP: 8/8
  4176 | D:6      | Found a burning altar of Makhleb.
  4468 | D:6      | Reached skill level 5 in Dodging
  4818 | D:6      | Found a hide-covered altar of Uskayaw.
  5029 | D:7      | Noticed Joseph
  5037 | D:7      | Killed Joseph
  5416 | D:7      | Reached ** piety under Okawaru
  5417 | D:7      | Reached XP level 9. HP: 77/79 MP: 9/9
  5431 | D:7      | Noticed Pikel
  5434 | D:7      | Noticed a kobold demonologist
  5437 | D:7      | Noticed a two-headed ogre
  5438 | D:7      | Noticed a soul eater
  5441 | D:7      | Noticed a sixfirhy
  5453 | D:7      | Killed Pikel
  5464 | D:7      | HP: 2/79 [sixfirhy[a kobold demonologist] (11)]
  5464 | D:7      | Mangled by a sixfirhy

Illustrated notes

Levels and vault maps discovered:
D:1:      dpeg_arrival_three_smaller_balls, layout_rooms
D:2:      layout_basic, kennysheep_nondescript
D:3:      layout_basic, nicolae_wu_jian_wuxing_cycle,
          shapermc_ecumenical_altar_venn, roderic_roman_lattice
D:4:      layout_cave_pools, kennysheep_little_box, nicolae_ru_awakened_eye,
          nicolae_dithmenos_through_a_glass_darkly
D:5:      layout_basic, mainiacjoe_overflow_paths, okawaru_gym_becter,
          grunt_gozag_breadcrumbs, gammafunk_ghost_necromancy,
          uniq_prince_ribbit1
D:6:      layout_basic, mainiacjoe_overflow_small_starburst,
          nicolae_uskayaw_suspiria, minmay_temple_entry_antechambers
D:7:      layout_loops_cross, lemuel_zombie_altar_kikubaaqudgha, kb_rosetta,
          uniq_pikel, uniq_joseph

Skill      XL: |  1  2  3  4  5  6  7  8  9 |
---------------+----------------------------+-----
Dodging        | 2 3 4 5 6 |  6.0
Fighting       | 4 5 6 7 |  7.6
Short Blades   | 3 4 5 6 |  6.5
Stealth        | 5 6 7 |  7.8

Action                   |  1- 3 |  4- 6 |  7- 9 || total
-------------------------+-------+-------+-------++-------
Melee: Short sword       |     9 |       |    63 ||    72
       Tailslap          |       |       |    14 ||    14
       Punch             |       |       |     1 ||     1
 Fire: Hunting sling     |     6 |    41 |   197 ||   244
  Use: Potion            |       |       |     1 ||     1
 Stab: Sleeping          |       |       |     4 ||     4
Armor: Skin              |     6 |     3 |    53 ||    62
Dodge: Dodged            |    13 |    12 |   100 ||   125

Table legend: (Time is in decaauts)
 A = Elapsed time spent in this place.
 B = Non-inter-level travel time spent in this place.
 C = Inter-level travel time spent in this place.
 D = Time resting spent in this place.
 E = Time spent auto-exploring this place.
 F = Levels seen in this place.
 G = Mean time per level.
                   A        B        C        D        E       F      G
               +--------+--------+--------+--------+--------+-----+--------+
         Total |   5575 |   5372 |    203 |   1131 |   3477 |   7 |  796.4 |
       Dungeon |   5575 |   5372 |    203 |   1131 |   3477 |   7 |  796.4 |
               +--------+--------+--------+--------+--------+-----+--------+

Top non-repeatable levels by time:
     D:5: 1847 daAuts
     D:6: 1123 daAuts
     D:3: 787 daAuts
     D:4: 596 daAuts
     D:1: 558 daAuts
     D:7: 422 daAuts
     D:2: 240 daAuts
